 Dungeon Crawl Stone Soup version 0.30-b1-2-g02819fbbbe (webtiles) character file.

Game seed: 13555434784816435121

4345 Medar the Destroyer (level 10, -1/53 HPs)
             Began as a Kobold Conjurer on May 18, 2023.
             Was a Believer of Vehumet.
             Succumbed to a cane toad's poison
             ... on level 8 of the Dungeon.
             The game lasted 00:53:08 (14087 turns).

Medar the Destroyer (Kobold Conjurer)              Turns: 14087, Time: 00:53:09

Health: -1/53      AC:  8    Str:  5    XL:     10   Next: 59%
Magic:  19/22      EV: 18    Int: 27    God:    Vehumet [**....]
Gold:   441        SH:  0    Dex: 15    Spells: 2/25 levels left

rFire   . . .        a - +0 dagger
rCold   + + .        (no shield)
rNeg    . . .        P - +0 steam dragon scales
rPois   +            (no helmet)
rElec   .            D - scarf {repulsion}
rCorr   .            (no gloves)
SInv    +            y - +2 pair of boots of the Shining Light {rC++ Dex+3}
Will    .....        O - amulet of magic regeneration
Stlth   +++++        o - ring of see invisible
HPRegen 0.28/turn    A - ring of poison resistance
MPRegen 0.58/turn

%: repel missiles
@: lethally poisoned (-1 -> -13), swift, flying, quick
A: small, no large weapons, nightstalker 3, clever 1, sturdy frame 1
a: Renounce Religion


You were on level 8 of the Dungeon.
You worshipped Vehumet.
Vehumet was pleased with you.
You visited 3 branches of the dungeon, and saw 12 of its levels.

You collected 641 gold pieces.
You spent 200 gold pieces at shops.

Inventory:

Hand Weapons
 a - a +0 dagger (weapon)
 b - a +2 flail of protection
 t - a +0 sling
 u - a +4 quarterstaff of chaos
 C - a +0 rapier
 J - a +2 short sword of venom
Missiles
 h - 5 boomerangs of dispersal
 L - 3 throwing nets
Armour
 y - the +2 pair of boots of the Shining Light (worn) {rC++ Dex+3}
   (You found it on level 4 of the Dungeon)

   Dex:       It affects your dexterity (+3).
   rC:        It greatly protects you from cold.
 D - a scarf of repulsion (worn)
 P - +0 steam dragon scales (worn)
 S - a +0 buckler
Jewellery
 e - a ring of protection from cold
 o - a ring of see invisible (left hand)
 s - an amulet of reflection
 A - a ring of poison resistance (right hand)
 O - an amulet of magic regeneration (around neck)
Wands
 v - a wand of polymorph (25)
 E - a wand of charming (14)
 H - a wand of digging (1)
 M - a wand of iceblast (6)
Scrolls
 c - 2 scrolls of enchant armour {unknown}
 g - 2 scrolls of noise
 i - a scroll of amnesia
 m - 2 scrolls of magic mapping {unknown}
 n - 2 scrolls of vulnerability
 q - 3 scrolls of teleportation {unknown}
 x - 2 scrolls of blinking {unknown}
 z - a scroll of poison {unknown}
 F - a scroll of butterflies {unknown}
 N - a scroll of enchant weapon {unknown}
 Q - 3 scrolls of fear {unknown}
 T - a scroll of identify {@r2}
Potions
 d - a potion of ambrosia
 f - a potion of attraction
 j - 2 potions of brilliance
 k - a potion of lignification
 l - 4 potions of cancellation
 p - a potion of berserk rage
 r - a potion of magic
 w - 3 potions of invisibility
 B - a potion of degeneration
 I - 2 potions of mutation
 K - a potion of heal wounds {unknown}
 R - a potion of haste {unknown}


   Skills:
 - Level 2.0 Fighting
 + Level 7.8 Dodging
 + Level 7.2 Stealth
 * Level 8.1 Spellcasting
 * Level 9.0 Conjurations
 - Level 2.0 Hexes
 - Level 3.0 Translocations
 - Level 3.0 Air Magic
 - Level 1.0 Poison Magic


You had 2 spell levels left.
You knew the following spells:

 Your Spells              Type           Power      Damage    Failure   Level
a - Magic Dart            Conj           100%       1d8       1%          1
b - Searing Ray           Conj           100%       2d8       1%          2
c - Dazzling Flash        Conj/Hex       80%        N/A       1%          3
d - Mephitic Cloud        Conj/Pois/Air  34%        N/A       2%          3
e - Swiftness             Air            27%        N/A       4%          3
f - Iskenderun's Mystic   Conj/Tloc      43%        2d10      4%          4
g - Ensorcelled Hibernat  Hex/Ice        32%        N/A       5%          2
h - Tukima's Dance        Hex            21%        N/A       7%          3
i - Scorch                Fire           22%        2d6       8%          2

Your spell library contained the following spells:

 Spells                   Type           Power      Damage    Failure   Level
 Apportation              Tloc           54%        N/A       1%          1
 Lesser Beckoning         Tloc           54%        N/A       2%          2
 Necrotise                Necr           44%        1d6       5%          1
 Summon Small Mammal      Summ           44%        N/A       5%          1
 Call Imp                 Summ           22%        N/A       8%          2
 Passwall                 Tmut/Erth      9%         N/A       8%          2
 Gell's Gravitas          Tloc           27%        N/A       4%          3
 Teleport Other           Tloc           27%        N/A       4%          3
 Fulminant Prism          Conj/Hex       20%        3d12      5%          4
 Passage of Golubria      Tloc           27%        N/A       16%         4
 Yara's Violent Unravell  Hex/Tmut       8%         3d5       67%         5


Dungeon Overview and Level Annotations

Branches:
Dungeon (10/15)            Temple (1/1) D:7            Lair (1/5) D:8
    Orc (0/2) D:9

Altars:
Ashenzari
Cheibriados
Dithmenos
Elyvilon
Fedhas
Gozag
Hepliaklqana
Kikubaaqudgha
Makhleb
Nemelex Xobeh
Okawaru
Qazlal
Ru
Sif Muna
Trog
Uskayaw
Vehumet
Wu Jian
Xom
Yredelemnul
Zin
The Shining One

Shops:
D:1 [   D:2 (

Annotations:
D:8 7 runed translucent doors, exclusions: centaur warrior and jelly, Joseph; qborf's ghost, journeyman FoEn
D:9 exclusion: obsidian statue


Innate Abilities, Weirdness & Mutations

You are small and have problems with some larger weapons.
You are completely attuned to the shadows.
Your mind is acute. (Int +4, Str/Dex -1)
Your movements are slightly less encumbered by armour. (ER -2)


Message History

The cane toad is severely wounded.
The searing ray hits the komodo dragon.
The komodo dragon is severely wounded.
You finish channelling your searing ray.
The cane toad barely misses you.
Casting: Searing Ray (safe; 1% risk of failure)
Confirm with . or Enter, or press ? or * to list all spells.
You feel quick. The cane toad stings you!
There is a staircase back to the Dungeon here.
The cane toad misses you.
You climb upwards.
Welcome back to the Dungeon!
Level annotation: 7 runed translucent doors, exclusions: centaur warrior and jelly, Joseph; qborf's ghost, journeyman FoEn
There is a staircase to the Lair here.
Casting: Swiftness (dangerous; 4% risk of failure)
Confirm with . or Enter, or press ? or * to list all spells.
Aiming: Searing Ray (safe; 1% risk of failure)
Press: ? - help, Shift-Dir - straight line, f - cane toad
Aim: a cane toad (severely wounded, 85% to hit)
The searing ray hits the cane toad.
The cane toad is almost dead. (Press . to maintain the ray.)
The cane toad stings you.
You are poisoned.
The cane toad poisons you!
The searing ray hits the cane toad.
The cane toad is almost dead.
* * * LOW HITPOINT WARNING * * *
You feel very sick. The cane toad stings you!
* * * LOW HITPOINT WARNING * * *
The cane toad barely misses you.
Okay, then.
Unknown command.
Unknown command.
Unknown command.
Unknown command.
It was a potion of flight.
You feel very buoyant.
You fly up into the air.
You die...

.).....# ######....#####.###≈≈≈.§
#.)...####...............##≈≈≈§.§
###...)..)#...........####§≈≈.≈.§
#...#..#.....###....# #S≈..§≈§
#..######.#...≈...#.# #§.≈.≈.≈
#..# ##..#...#..## #≈..§(≈. #
#..## #.##P..##.# #≈.≈.≈.≈
###...# #.........# #≈§§..≈.
.###..# #≈..F@...≈# #≈≈§.≈.≈ .#
##.# #.........# ##§≈≈... .# ###
#.##...##.# ##§≈≈.≈ )#
##..#...#..## ##§≈≈. .#
#.#...≈...#.# ##§≈≈ .#
#....###....# ###≈≈ .##
#...........# #.##≈ ..###
##..##.##....# #####.###
...[######.####....#.####..##.#..


You could see a cane toad.

Vanquished Creatures
  A troll (D:9)
  A hornet (D:9)
  Prince Ribbit (D:7)
  5 wyverns
  A steam dragon (D:8)
  A water moccasin (D:9)
  4 ice beasts
  2 black bears
  2 orc warriors (D:8)
  An ogre (D:5)
  A centaur (D:8)
  A phantom (D:5)
  A kobold brigand (D:7)
  3 bullfrogs
  2 gnoll sergeants
  5 hounds
  7 orc priests
  A jelly (D:6)
  A gnoll bouda (D:8)
  Crazy Yiuf (D:3)
  3 sleepcaps
  3 iguanas
  8 orc wizards
  4 adders
  19 gnolls
  3 river rats (D:5)
  A white imp (D:6)
  An ufetubus (D:5)
  2 worms
  3 dart slugs
  40 orcs
  2 bats
  7 endoplasms
  A giant cockroach (D:1)
  3 goblins
  9 hobgoblins
  4 jackals (D:2)
  12 kobolds
  5 quokkas
  8 ball pythons
  5 frilled lizards
  8 rats
193 creatures vanquished.

Vanquished Creatures (collateral kills)
  2 orc warriors (D:9)
  A gnoll sergeant (D:9)
3 creatures vanquished.

Vanquished Creatures (others)
  2 dancing weapons (D:9)
  7 fungi (D:8)
  6 plants
15 creatures vanquished.

Grand Total: 211 creatures vanquished

Notes
Turn   | Place    | Note
-------+----------+-------------------------------------------
     0 | D:1      | Medar the Kobold Conjurer began the quest for the Orb.
     0 | D:1      | Reached XP level 1. HP: 10/10 MP: 3/3
   179 | D:1      | Found a faded altar of an unknown god.
   304 | D:1      | Reached XP level 2. HP: 8/15 MP: 0/5
   337 | D:1      | Learned a level 2 spell: Searing Ray
   460 | D:1      | Found Cyduyr Ture's Antique Armour Boutique.
  1038 | D:1      | Reached XP level 3. HP: 19/19 MP: 2/7
  1359 | D:2      | Identified the +0 chain mail "Rinwoimo" {Str+4}
  1472 | D:2      | Found a basalt altar of Yredelemnul.
  1876 | D:2      | Learned a level 3 spell: Dazzling Flash
  2162 | D:2      | Found Xodoh's Antique Weapon Shoppe.
  2808 | D:3      | Reached XP level 4. HP: 24/24 MP: 0/8
  3061 | D:3      | HP: 1/36 [orc/+0 hand axe (2)]
  3062 | D:3      | Gained mutation: Your mind is acute. (Int +4, Str/Dex -1)
                  | [potion of mutation]
  3062 | D:3      | Gained mutation: Your movements are slightly less
                  | encumbered by armour. (ER -2) [potion of mutation]
  3077 | D:3      | Reached skill level 1 in Hexes
  3077 | D:3      | Reached XP level 5. HP: 12/28 MP: 1/10
  3592 | D:3      | Found a runed translucent door.
  3595 | D:3      | Noticed Crazy Yiuf
  3599 | D:3      | Killed Crazy Yiuf
  3718 | D:3      | Learned a level 3 spell: Mephitic Cloud
  3727 | D:3      | Reached skill level 5 in Conjurations
  4000 | D:4      | Noticed a black bear
  4119 | D:4      | Identified the +2 pair of boots of the Shining Light {rC++
                  | Dex+3}
  4148 | D:4      | Reached XP level 6. HP: 29/32 MP: 6/11
  4240 | D:4      | Reached skill level 1 in Air Magic
  4323 | D:4      | Reached skill level 1 in Poison Magic
  4707 | D:4      | Learned a level 4 spell: Iskenderun's Mystic Blast
  4920 | D:4      | Reached skill level 1 in Translocations
  5686 | D:5      | Entered Level 5 of the Dungeon
  5840 | D:5      | Reached XP level 7. HP: 37/37 MP: 7/13
  5977 | D:5      | Reached skill level 1 in Fighting
  6088 | D:5      | Noticed a troll
  6320 | D:5      | Found a glowing drain.
  6566 | D:5      | Reached XP level 8. HP: 44/44 MP: 1/15
  6803 | D:5      | Reached skill level 6 in Conjurations
  6810 | D:5      | Learned a level 3 spell: Swiftness
  7040 | D:5      | Reached skill level 5 in Spellcasting
  7236 | D:1      | Bought an embroidered scarf for 200 gold pieces
  7497 | D:6      | Reached skill level 5 in Dodging
  9213 | D:7      | Reached XP level 9. HP: 36/48 MP: 4/17
  9582 | D:7      | Found a staircase to the Ecumenical Temple.
  9584 | D:7      | Noticed Prince Ribbit
  9589 | Temple   | Entered the Ecumenical Temple
  9931 | Temple   | Became a worshipper of Vehumet
  9961 | D:7      | Killed Prince Ribbit
  9962 | D:7      | Reached skill level 7 in Conjurations
 10603 | D:8      | Reached skill level 5 in Stealth
 11385 | D:8      | Found a staircase to the Lair.
 11404 | D:8      | Found a large runed translucent door.
 11405 | D:8      | Found a large runed translucent door.
 11413 | D:8      | Noticed a centaur warrior
 11418 | D:8      | Noticed Joseph
 11530 | D:8      | Noticed a centaur warrior
 11611 | D:8      | Found a large runed translucent door.
 11611 | D:8      | Found a large runed translucent door.
 11627 | D:8      | Noticed a two-headed ogre
 11700 | D:8      | Reached * piety under Vehumet
 11700 | D:8      | Offered knowledge of Freeze by Vehumet.
 11704 | D:8      | Learned a level 2 spell: Ensorcelled Hibernation
 11708 | D:8      | Learned a level 3 spell: Tukima's Dance
 12181 | D:8      | Reached skill level 8 in Conjurations
 12181 | D:8      | Reached XP level 10. HP: 53/53 MP: 16/20
 12216 | D:8      | Found a runed translucent gate.
 12216 | D:8      | Found a runed translucent gate.
 12216 | D:8      | Found a runed translucent gate.
 12227 | D:8      | Noticed qborf's ghost (journeyman FoEn)
 12234 | D:8      | Identified the +1 chain mail of Ykiedat {rF+ rC+}
 12955 | D:9      | Found a staircase to the Orcish Mines.
 13036 | D:9      | Noticed an obsidian statue
 13369 | D:9      | Found a hazy altar of Hepliaklqana.
 13369 | D:9      | Found a glowing golden altar of the Shining One.
 13598 | D:9      | Offered knowledge of Scorch by Vehumet.
 13644 | D:9      | Learned a level 2 spell: Scorch
 13656 | D:9      | Reached ** piety under Vehumet
 13910 | D:10     | Entered Level 10 of the Dungeon
 14003 | D:10     | Noticed a manticore
 14030 | Lair:1   | Entered Level 1 of the Lair of Beasts
 14037 | Lair:1   | Reached skill level 9 in Conjurations
 14063 | Lair:1   | Noticed a cane toad
 14064 | Lair:1   | Noticed a komodo dragon
 14065 | Lair:1   | Noticed a cane toad
 14086 | D:8      | HP: 2/53 [cane toad (12)]
 14087 | D:8      | Succumbed to a cane toad's poison

Illustrated notes

Levels and vault maps discovered:
D:1:      sevenhm_arrival_forest_fort_large_2, layout_basic,
          basic_ecumenical_altar, serial_shops, nicolae_shop_tiny_glass,
          chequers_serial_rivers_room_a
D:2:      layout_basic, basic_altar, serial_shops, nicolae_shop_waterfront,
          minivault_5, corexii_shack, chequers_serial_rivers_micro_b
D:3:      layout_rooms, uniq_crazy_yiuf_cottage
D:4:      layout_layer_cave, kennysheep_potato
D:5:      layout_rooms, portal_sewer_entry_e, kennysheep_minor_cross,
          kennysheep_generic_room_5
D:6:      layout_basic, chequers_hall_statues_wall_a
D:7:      layout_loops_ring, minmay_temple_entry_gardened_gates,
          uniq_prince_ribbit1
D:8:      layout_layer_cave, dpeg_oklobed_lair, biasface_ghost_orc_armoury,
          kennysheep_cluttered_room, minmay_hollow_rounded_squares, uniq_joseph
D:9:      layout_cross, gammafunk_temple_overflow_elements, david_orc_3,
          minmay_statue_bubble
D:10:     layout_roguey, kennysheep_boxes
Temple:   mainiacjoe_temple_cubbyholes
Lair:1:   layout_cave_pods, minivault_23, st_stairs_3, lemuel_fruit_tree,
          grunt_megastairs_5

Skill      XL: |  1  2  3  4  5  6  7  8  9 10 |
---------------+-------------------------------+-----
Spellcasting   | 3 4 5 7 8 |  8.1
Hexes          | 1 2 |  2.0
Conjurations   | 5 6 8 9 |  9.0
Dodging        | 3 4 5 7 |  7.8
Air Magic      | 1 3 |  3.0
Poison Magic   | 1 |  1.0
Translocations | 2 3 |  3.0
Fighting       | 2 |  2.0
Stealth        | 3 5 7 |  7.2

Action                     |  1- 3 |  4- 6 |  7- 9 | 10-12 || total
---------------------------+-------+-------+-------+-------++-------
  Melee: Dagger            |     6 |    33 |    22 |    17 ||    78
         Punch             |       |     1 |       |       ||     1
  Throw: Throwing net      |       |       |     1 |       ||     1
   Cast: Magic Dart        |    22 |       |     3 |     1 ||    26
         Searing Ray       |    22 |    36 |    90 |    34 ||   182
         Dazzling Flash    |       |     1 |       |       ||     1
         Mephitic Cloud    |       |     2 |     4 |     2 ||     8
         Swiftness         |       |       |     2 |     2 ||     4
         Iskenderun's Myst |       |       |     2 |       ||     2
         Tukima's Dance    |       |       |     1 |    10 ||    11
         Scorch            |       |       |       |     1 ||     1
  Evoke: Wand              |       |       |     8 |       ||     8
    Use: Scroll            |     3 |     2 |     2 |     3 ||    10
         Potion            |       |     4 |     2 |     1 ||     7
   Stab: Sleeping          |     4 |     6 |     6 |       ||    16
         Distracted        |       |       |     1 |       ||     1
 Armour: Robe              |     1 |     3 |    26 |       ||    30
         Skin              |       |    33 |       |       ||    33
         Steam dragon scal |       |       |     1 |    12 ||    13
  Dodge: Dodged            |    11 |    23 |    97 |    61 ||   192
         Repelled          |       |       |     2 |       ||     2
  Block: Other             |       |       |    37 |       ||    37
         Reflection        |       |       |     2 |       ||     2
